 Dungeon Crawl Stone Soup version 0.32-a0-898-g7811c86cf0 (console) character file.

Game seed: 12518862571682643427

25457 ShinQuickMan the Thaumaturge (level 13, -4/98 HPs)
             Began as a Human Conjurer on Apr 5, 2024.
             Was an Elder of Vehumet.
             Slain by a yaktaur (shapeshifter) (8 damage)
             ... while petrified by a catoblepas
             ... on level 13 of the Dungeon.
             The game lasted 00:52:27 (11424 turns).

ShinQuickMan the Thaumaturge (Human Conjurer)      Turns: 11424, Time: 00:52:28

Health: -4/98      AC:  6    Str:  7    XL:     13   Next: 19%
Magic:  21/39      EV:  2    Int: 23    God:    Vehumet [****..]
Gold:   773        SH:  0    Dex: 13    Spells: 18/38 levels left

rFire   x . .        f - +1 dagger (protect)
rCold   + + .        B - orb {light}
rNeg    + + +        T - +2 robe {rC+}
rPois   ∞            l - +0 helmet
rElec   .            (no cloak)
rCorr   .            N - +0 pair of gloves
SInv    .            (no boots)
Will    .....        h - amulet of the acrobat
Stlth   +            G - ring of magical power
HPRegen 0.36/turn    F - ring of ice
MPRegen 0.26/turn

%: acrobat
@: petrified, glowing
A: explore regen
a: Renounce Religion


You were on level 13 of the Dungeon.
You worshipped Vehumet.
Vehumet was greatly pleased with you.
You visited 2 branches of the dungeon, and saw 14 of its levels.

You collected 773 gold pieces.

Inventory:

Hand Weapons
 f - a +1 dagger of protection (weapon)
 k - a +2 dagger of speed
 C - a +1 long sword of venom
 W - a +3 shortbow
Missiles
 j - 2 javelins
 u - 21 poisoned darts
 Q - a throwing net
Armour
 a - a +0 robe
 i - a +2 tower shield of reflection
 l - a +0 helmet (worn)
 B - an orb of light (worn)
 N - a +0 pair of gloves (worn)
 T - a +2 robe of cold resistance (worn)
Magical Staves
 x - a staff of air
Jewellery
 h - an amulet of the acrobat (around neck)
 A - a ring of resist corrosion
 D - a ring of protection from fire
 F - a ring of ice (right hand)
 G - a ring of magical power (left hand)
 K - a ring of fire
 R - a ring of poison resistance
 S - a ring of ice
 U - a ring of flight
Wands
 d - a wand of flame (14)
 y - a wand of paralysis (16)
 I - a wand of mindburst (19)
 P - a wand of acid (4)
Scrolls
 g - 5 scrolls of teleportation
 m - a scroll of silence
 o - 3 scrolls of poison
 p - a scroll of vulnerability
 r - 4 scrolls of enchant weapon
 s - a scroll of blinking
 t - a scroll of amnesia
 v - 2 scrolls of revelation
 H - 3 scrolls of fog
 J - a scroll of noise
 O - a scroll of brand weapon
Potions
 b - 4 potions of magic
 c - 2 potions of brilliance
 e - 6 potions of might
 n - 5 potions of curing
 q - a potion of degeneration {unknown}
 w - a potion of enlightenment
 z - 3 potions of heal wounds
 E - a potion of mutation
 L - 2 potions of lignification
 M - a potion of haste
 V - a potion of resistance {unknown}


   Skills:
 - Level 8.0 Fighting
 - Level 2.0 Dodging
 - Level 2.0 Stealth
 + Level 13.4 Spellcasting
 + Level 11.6 Conjurations
 - Level 4.0 Translocations
 - Level 9.0 Alchemy


You had 18 spell levels left.
You knew the following spells:

 Your Spells              Type           Power      Damage    Failure   Level
a - Magic Dart            Conj           100%       1d8       1%          1
b - Searing Ray           Conj           100%       2d8       1%          2
c - Fulminant Prism       Conj/Alch      29%        3d14      1%          4
d - Iskenderun's Mystic   Conj/Tloc      51%        2d11      (+2d61%     4
e - Olgreb's Toxic Radia  Alch           54%        N/A       1%          4
f - Iskenderun's Battles  Conj           62%        2d11      1%          5

Your spell library contained the following spells:

 Spells                   Type           Power      Damage    Failure   Level
 Volatile Blastmotes      Fire/Tloc      48%        2d14      1%          3
 Frozen Ramparts          Ice            46%        1d7       3%          3
 Ozocubu's Armour         Ice            23%        N/A       12%         3
 Sigil of Binding         Hex            15%        N/A       12%         3
 Sculpt Simulacrum        Ice/Alch       26%        N/A       67%         6
 Metabolic Englaciation   Hex/Ice        11%        N/A       73%         5
 Death Channel            Necr           7%         N/A       99%         6


Dungeon Overview and Level Annotations

Branches:
Dungeon (13/15)            Temple (1/1) D:4            Lair (0/5) D:11
    Orc (0/2) D:11
 Vaults: D:13-14

Altars:
Ashenzari
Cheibriados
Dithmenos
Elyvilon
Fedhas
Gozag
Hepliaklqana
Kikubaaqudgha
Makhleb
Nemelex Xobeh
Okawaru
Qazlal
Ru
Sif Muna
Trog
Uskayaw
Vehumet
Wu Jian
Xom
Yredelemnul
Zin
The Shining One

Shops:
D:4 *

Portals:
Trove: D:11 (give +2 storm dragon scales)

Annotations:
D:9 1 runed translucent door, Stellion's ghost, novice BaWr


Innate Abilities, Weirdness & Mutations

You regain HP and MP as you explore.


Message History

The boulder beetle is engulfed in calcifying dust.
The boulder beetle is engulfed in calcifying dust.
The ogre mage casts a spell at you.
You suddenly lose the ability to move!
The catoblepas breathes a plume of calcifying dust at you.
The blast of calcifying dust hits you.
* * * LOW HITPOINT WARNING * * *
You are engulfed in calcifying dust.
You are slowing down.
You are engulfed in calcifying dust.
You can move again.
Your limbs are stiffening.
Unknown command.
Okay, then.
As you read the scroll of teleportation, it crumbles to dust.
You feel strangely unstable.
You are engulfed in calcifying dust.
The boulder beetle is no longer petrified.
The tengu warrior stops moving altogether!
You have turned to stone.
You are engulfed in calcifying dust.
The cyclops shouts!
The ogre mage looks more healthy.
The catoblepas breathes a plume of calcifying dust at you.
The blast of calcifying dust hits the catoblepas but does no damage.
The blast of calcifying dust hits you.
* * * LOW HITPOINT WARNING * * *
The ogre mage casts a spell at you.
You shrug off the repeated paralysis!
Your surroundings suddenly seem different.
A yaktaur comes into view.
Found a scroll of teleportation and a potion of enlightenment.
The ogre mage gestures at you while chanting.
The bolt of magma hits you!! The lava burns you terribly!
* * * LOW HITPOINT WARNING * * *
The ogre mage points at you and mumbles some strange words.
The bolt of magma hits you!!! The lava burns you terribly!
* * * LOW HITPOINT WARNING * * *
You hear a bellow!
The yaktaur hits you!
You die...

... ... .##...☼....# #..# .##.#.#
[......<# #<.# ###.#.#
##................y.)...
#...#.####...............(..$.#.#
..##..##.§......O.......#[.#)## #
........§..####.........((...#
.##.†......p.Y...C............
###.#....Y...YO........... ...
##......†Y..###c#........u):.$
Y°.##....§..|# #@.#
##.##.>...B..# #..?#
##.##?...§QR.#.#!.##
##....###Y.○#.###.. .B.B###
#Y.○.... ..# ##.## #○Y..###..##
##.# #°...$# .# ##.# #Rp..### .#
##u######○°..... ...B.)§.§☼○°....


You could see a death knight (very poisoned), 2 catoblepae, an ogre mage, a
cyclops and a yaktaur.

Vanquished Creatures
  Fannar (D:11)
  Erolcha (D:9)
  5 two-headed ogres
  4 boulder beetles
  A centaur warrior (D:12)
  A tengu warrior (D:13)
  4 skeletal warriors (D:12)
  3 ugly things
  The ghost of petete the Trooper, a novice OnGl (D:5)
  A cyclops (D:12)
  2 manticores (D:13)
  3 slime creatures (D:12)
  An unseen horror (D:11)
  2 gargoyles
  A komodo dragon (D:11)
  A rime drake (D:11)
  2 kobold demonologists (D:13)
  2 polar bears (D:11)
  2 trolls
  3 hornets
  Prince Ribbit (D:5)
  A vampire (D:11)
  13 yaks
  A centaur simulacrum (D:13)
  4 wyverns
  4 shadows
  A fire bat (shapeshifter) (D:13)
  A steam dragon (D:8)
  A vampire mosquito (D:13)
  An acid dragon (D:9)
  2 water moccasins
  2 orc warriors
  7 ice beasts
  2 sky beasts (D:8)
  A laughing skull (D:13)
  4 centaurs
  2 wolves (D:11)
  A phantom (D:11)
  3 kobold brigands
  3 bullfrogs
  5 scorpions
  3 wights (D:10)
  2 troll zombies (D:11)
  9 killer bees
  An electric eel (D:9)
  9 howler monkeys
  A bombardier beetle (D:5)
  5 hounds
  4 jellies
  3 orc priests
  An iguana (D:5)
  8 orc wizards
  2 bullfrog simulacra (D:5)
  6 ogre zombies (D:11)
  2 scorpion simulacra (D:5)
  A killer bee simulacrum (D:5)
  Robin (D:3)
  6 adders
  3 white imps
  2 ufetubi (D:3)
  A dart slug (D:2)
  A ribbon worm (D:2)
  25 orcs
  5 ball pythons
  A bat (D:1)
  9 endoplasms
  4 giant cockroaches
  16 goblins
  6 hobgoblins
  10 jackals
  4 quokkas
  A frilled lizard (D:1)
  A gnoll skeleton (D:11)
  6 gnoll zombies (D:11)
  13 kobolds
  3 orc skeletons (D:11)
  15 orc zombies (D:11)
  2 rats
293 creatures vanquished.

Vanquished Creatures (others)
  An ugly thing (D:13)
  105 fulminant prisms
106 creatures vanquished.

Grand Total: 399 creatures vanquished

Notes
Turn   | Place    | Note
-------+----------+-------------------------------------------
     0 | D:1      | ShinQuickMan the Human Conjurer began the quest for the
                  | Orb.
     0 | D:1      | Reached XP level 1. HP: 13/13 MP: 3/3
   126 | D:1      | Reached skill level 1 in Alchemy
   138 | D:1      | Reached XP level 2. HP: 19/19 MP: 3/5
   141 | D:1      | Learned a level 2 spell: Searing Ray
   752 | D:2      | Reached XP level 3. HP: 24/24 MP: 2/6
  1092 | D:2      | Reached XP level 4. HP: 30/30 MP: 3/8
  1097 | D:2      | Learned a level 4 spell: Fulminant Prism
  1537 | D:3      | Reached skill level 3 in Spellcasting
  1688 | D:3      | Noticed Robin
  1698 | D:3      | Killed Robin
  1699 | D:3      | Reached XP level 5. HP: 27/35 MP: 0/9
  2519 | D:4      | Reached XP level 6. HP: 41/41 MP: 3/11
  2710 | D:4      | Found a staircase to the Ecumenical Temple.
  2720 | Temple   | Entered the Ecumenical Temple
  2742 | Temple   | Became a worshipper of Vehumet
  2818 | D:4      | Noticed a water moccasin
  2826 | D:4      | Killed a water moccasin
  2827 | D:4      | Reached skill level 4 in Spellcasting
  2832 | D:4      | Found an ancient bone altar of Kikubaaqudgha.
  2847 | D:4      | Found Hudagej's General Store.
  3065 | D:5      | Entered Level 5 of the Dungeon
  3110 | D:5      | Reached XP level 7. HP: 46/46 MP: 7/13
  3124 | D:5      | Reached skill level 5 in Conjurations
  3136 | D:5      | Learned a level 4 spell: Iskenderun's Mystic Blast
  3145 | D:5      | Noticed Prince Ribbit
  3161 | D:5      | Found a runed translucent gate.
  3161 | D:5      | Found a runed translucent gate.
  3161 | D:5      | Found a runed translucent gate.
  3184 | D:5      | Killed Prince Ribbit
  3320 | D:5      | Found a sparkling altar of Nemelex Xobeh.
  3566 | D:5      | Noticed petete's ghost (novice OnGl)
  3627 | D:5      | Reached skill level 1 in Fighting
  3646 | D:5      | Reached XP level 8. HP: 54/56 MP: 2/14
  3720 | D:6      | Reached * piety under Vehumet
  3720 | D:6      | Offered knowledge of Sting by Vehumet.
  4660 | D:7      | Found a shimmering altar of Xom.
  4661 | D:7      | Found an opulent altar of Gozag.
  4661 | D:7      | Found an ornate altar of the Wu Jian Council.
  4661 | D:7      | Found a broken altar of Ashenzari.
  4681 | D:7      | Found a hazy altar of Hepliaklqana.
  4683 | D:7      | Found a burning altar of Makhleb.
  5143 | D:7      | Reached skill level 5 in Fighting
  5143 | D:7      | Reached XP level 9. HP: 68/68 MP: 13/15
  5345 | D:8      | Reached ** piety under Vehumet
  5345 | D:8      | Offered knowledge of Shock by Vehumet.
  5351 | D:8      | Reached skill level 5 in Spellcasting
  5492 | D:8      | Noticed a hornet
  5498 | D:8      | Reached skill level 6 in Spellcasting
  5505 | D:8      | Found a basalt altar of Yredelemnul.
  5519 | D:8      | Killed a hornet
  5523 | D:8      | Noticed a hornet
  5551 | D:8      | Killed a hornet
  5552 | D:8      | Reached XP level 10. HP: 69/74 MP: 7/20
  5962 | D:9      | Reached skill level 10 in Conjurations
  5982 | D:9      | Reached skill level 7 in Spellcasting
  6130 | D:9      | Found a runed translucent door.
  6131 | D:9      | Noticed Stellion's ghost (novice BaWr)
  6144 | D:9      | Noticed Erolcha
  6162 | D:9      | Killed Erolcha
  6209 | D:9      | Offered knowledge of Dazzling Flash by Vehumet.
  6216 | D:9      | Reached skill level 8 in Spellcasting
  6262 | D:9      | Found a shimmering blue altar of Sif Muna.
  6480 | D:5      | Killed petete's ghost
  6924 | D:9      | Noticed a boulder beetle
  7019 | D:9      | Noticed a boulder beetle
  7125 | D:9      | Killed a boulder beetle
  7126 | D:9      | Reached skill level 9 in Spellcasting
  7464 | D:9      | Killed a boulder beetle
  7465 | D:9      | Reached XP level 11. HP: 79/79 MP: 24/24
  7552 | D:10     | Entered Level 10 of the Dungeon
  7556 | D:10     | Reached skill level 10 in Spellcasting
  7567 | D:10     | Found a sacrificial altar of Ru.
  7660 | D:10     | Noticed a two-headed ogre
  7666 | D:10     | Reached *** piety under Vehumet
  7685 | D:10     | Killed a two-headed ogre
  8452 | D:11     | Reached skill level 11 in Spellcasting
  8452 | D:11     | Noticed a red ugly thing
  8465 | D:11     | Killed a red ugly thing
  8467 | D:11     | Noticed Fannar
  8649 | D:11     | Offered knowledge of Inner Flame by Vehumet.
  8686 | D:11     | Killed Fannar
  8687 | D:11     | Reached skill level 12 in Spellcasting
  8712 | D:11     | Noticed a two-headed ogre
  8722 | D:11     | Killed a two-headed ogre
  8763 | D:11     | Noticed a two-headed ogre
  8796 | D:11     | Reached **** piety under Vehumet
  8809 | D:11     | Offered knowledge of Olgreb's Toxic Radiance by Vehumet.
  8817 | D:10     | Learned a level 4 spell: Olgreb's Toxic Radiance
  8847 | D:10     | Killed a two-headed ogre
  8848 | D:10     | Reached XP level 12. HP: 55/89 MP: 1/28
  8933 | D:11     | Reached skill level 5 in Alchemy
  9228 | D:11     | Found a staircase to the Orcish Mines.
  9321 | D:11     | Found a portal to a secret trove of treasure.
  9655 | D:11     | Found a staircase to the Lair.
  9815 | D:12     | Noticed a two-headed ogre
  9828 | D:12     | Killed a two-headed ogre
 10496 | D:12     | Noticed a centaur warrior
 10517 | D:12     | Killed a centaur warrior
 10920 | D:12     | Reached ***** piety under Vehumet
 11134 | D:13     | Noticed a two-headed ogre
 11136 | D:13     | Offered knowledge of Iskenderun's Battlesphere by Vehumet.
 11142 | D:13     | Killed a two-headed ogre
 11151 | D:12     | Learned a level 5 spell: Iskenderun's Battlesphere
 11207 | D:13     | Noticed a seven-headed hydra
 11208 | D:13     | Noticed a boulder beetle
 11213 | D:13     | Reached skill level 13 in Spellcasting
 11213 | D:13     | Noticed a boulder beetle
 11213 | D:13     | Noticed a boulder beetle
 11286 | D:13     | Reached XP level 13. HP: 98/98 MP: 30/30
 11410 | D:13     | Identified the +10 whip of Thoughtfulness {holy, ^Fragile
                  | rElec Will+ SInv}
 11413 | D:13     | Paralysed by an ogre mage for 4 turns
 11421 | D:13     | HP: 3/98 [ogre mage/bolt of magma (20)]
 11424 | D:13     | Slain by a yaktaur (shapeshifter)

Illustrated notes

Levels and vault maps discovered:
D:1:      minmay_arrival_glassed_features, layout_basic
D:2:      layout_loops_ring, minivault_11
D:3:      layout_loops_corners, minmay_misc_feat_columns,
          kennysheep_generic_room_15, uniq_robin
D:4:      layout_loops_ring, mainiacjoe_overflow_tiny_flanked,
          minmay_temple_entry_junction_2, serial_shops, shop
D:5:      layout_basic, mainiacjoe_overflow_six_doors_small,
          gammafunk_ghost_icy, uniq_prince_ribbit1
D:6:      layout_basic, minmay_misc_feat_alley
D:7:      layout_loops_ring, minmay_overflow_temple_hex, kennysheep_small_circle
D:8:      layout_cave_pools, lemuel_round_altar, minmay_misc_feat_rugged
D:9:      layout_long_grid, nicolae_sif_muna_little_library,
          hellmonk_ghost_big_iron, hangedman_abyss_or_decor_stabs,
          kennysheep_island_fort, uniq_erolcha
D:10:     layout_cave_pods, nicolae_ru_path_of_blood
D:11:     layout_irregular_city, hellmonk_lair_entry_icy, zombieorc2_lemuel,
          nicolae_trove_entry_crossroad, grunt_ministairs_3,
          minmay_variable_closet, uniq_fannar
D:12:     layout_basic
D:13:     minmay_the_grid_square_5x5_5x5_mashed
          [minmay_the_grid_square_5x5_forky,
          minmay_the_grid_square_5x5_one_wall, minmay_the_grid_square_5x5_c,
          minmay_the_grid_square_5x5_three_walls,
          minmay_the_grid_square_5x5_six_small,
          minmay_the_grid_square_5x5_longway,
          minmay_the_grid_square_5x5_prize_snowflake,
          minmay_the_grid_square_5x5_almost_minimal,
          minmay_the_grid_square_5x5_prize_waves,
          minmay_the_grid_square_5x5_slash, minmay_the_grid_square_5x5_shrine1,
          minmay_the_grid_square_5x5_minimal,
          minmay_the_grid_square_5x5_prize_open,
          minmay_the_grid_square_5x5_checkered_sparse,
          minmay_the_grid_square_5x5_two_walls_a,
          minmay_the_grid_square_5x5_seven,
          minmay_the_grid_square_5x5_prize_monsterx,
          minmay_the_grid_square_5x5_percent,
          minmay_the_grid_square_5x5_prize_pseudospiral,
          minmay_the_grid_square_5x5_inner_i,
          minmay_the_grid_square_5x5_two_walls_b,
          minmay_the_grid_square_5x5_tie, minmay_the_grid_square_5x5_comb,
          minmay_the_grid_square_5x5_inner_v,
          minmay_the_grid_square_5x5_two_small], layout_rooms
Temple:   chequers_temple_sunken

Skill      XL: |  1  2  3  4  5  6  7  8  9 10 11 12 |
---------------+-------------------------------------+-----
Alchemy        | 1 2 3 4 9 |  9.0
Spellcasting   | 3 4 6 9 12 13 | 13.4
Translocations | 3 4 |  4.0
Conjurations   | 6 7 9 11 | 11.6
Fighting       | 2 5 6 8 |  8.0
Dodging        | |  2.0
Stealth        | |  2.0

Action                     |  1- 3 |  4- 6 |  7- 9 | 10-12 | 13-15 || total
---------------------------+-------+-------+-------+-------+-------++-------
  Melee: Dagger            |    41 |    48 |    25 |    37 |       ||   151
         Long sword        |       |       |    10 |     2 |       ||    12
  Throw: Dart              |       |       |     3 |    15 |       ||    18
   Cast: Magic Dart        |     9 |     1 |     1 |       |       ||    11
         Searing Ray       |    12 |    36 |    37 |    57 |     1 ||   143
         Fulminant Prism   |       |     1 |    22 |    80 |     2 ||   105
         Iskenderun's Myst |       |       |     3 |    49 |     9 ||    61
         Olgreb's Toxic Ra |       |       |       |    39 |    10 ||    49
         Iskenderun's Batt |       |       |       |     2 |     2 ||     4
  Evoke: Wand              |       |       |     2 |     1 |     2 ||     5
    Use: Potion            |       |       |     2 |       |       ||     2
         Scroll            |       |       |       |    16 |     3 ||    19
   Stab: Sleeping          |     5 |       |       |       |       ||     5
         Paralysed         |       |       |     2 |       |       ||     2
 Armour: Robe              |    17 |    16 |    52 |    85 |    21 ||   191
  Dodge: Dodged            |    30 |    59 |    81 |    88 |     7 ||   265

Table legend: (Time is in decaauts)
 A = Elapsed time spent in this place.
 B = Non-inter-level travel time spent in this place.
 C = Inter-level travel time spent in this place.
 D = Time resting spent in this place.
 E = Time spent auto-exploring this place.
 F = Levels seen in this place.
 G = Mean time per level.
                   A        B        C        D        E       F      G
               +--------+--------+--------+--------+--------+-----+--------+
         Total |  11432 |   8467 |   2965 |    222 |   5673 |  14 |  816.6 |
       Dungeon |  11386 |   8464 |   2922 |    222 |   5673 |  13 |  875.8 |
        Temple |     46 |      3 |     43 |      0 |      0 |   1 |   46.0 |
               +--------+--------+--------+--------+--------+-----+--------+

Top non-repeatable levels by time:
    D:12: 1451 daAuts
     D:9: 1312 daAuts
    D:10: 1286 daAuts
    D:11: 968 daAuts
     D:3: 933 daAuts
     D:7: 856 daAuts
     D:5: 803 daAuts
     D:6: 777 daAuts
     D:1: 747 daAuts
     D:8: 744 daAuts
     D:2: 688 daAuts
     D:4: 648 daAuts
    D:13: 168 daAuts
  Temple: 46 daAuts
